Map: Rainfall LE

Players

Serral - Winner!

  • Race: Zerg Zerg
  • League: Master
  • Spawn Location: 11:00

Harstem

  • Race: Protoss Protoss
  • League: Grandmaster
  • Spawn Location: 5:00

Event: HomeStory Cup XXIX

VOD

Have the link to the VOD?

Description

Time

  • Played on: July 4, 2026, 10 a.m.
  • Length: 9:03

All games in this series

Show
View Real Time Build Order
Export as new Build Order

Serral Zerg - Winner!

Build Orders: Pool First 

Get SALT Encoding   

  8  0:00  Drone  
  9  0:10  Drone  
  10  0:32  Spawning Pool  
  9  0:38  Drone  
  10  0:44  Drone  
  10  0:49  Drone  
  12  0:59  Overlord  
  12  1:18  Zergling x6  
  15  1:29  Zergling x2  
  16  1:39  Zergling x2  
  17  1:50  Drone  
  18  1:54  Hatchery  
  18  1:59  Drone  
  18  2:10  Queen  
  20  2:19  Overlord  
  20  2:38  Drone x2  
  20  2:41  Drone  
  22  2:50  Queen  
  22  2:51  Drone  
  23  3:02  Drone  
  24  3:07  Drone  
  24  3:10  Queen  
  24  3:11  Extractor  
  26  3:13  Drone  
  28  3:20  Drone  
  28  3:21  Drone  
  28  3:22  Drone  
  30  3:28  Overlord  
  30  3:32  Drone  
  30  3:34  Drone  
  32  3:48  Zergling x2  
  32  3:49  Overlord  
  32  3:51  Drone x2  
  35  3:56  Drone  
  35  3:59  Drone  
  35  4:00  Drone  
  35  4:01  Drone  
  39  4:05  Evolution Chamber  
  39  4:06  Drone  
  37  4:13  Drone  
  37  4:16  Drone  
  39  4:19  Zergling x2  
  39  4:21  Drone x3  
  43  4:29  Drone  
  43  4:30  Metabolic Boost  
  43  4:32  Drone  
  43  4:40  Hatchery  
  43  4:42  Drone  
  43  4:44  Drone  
  44  4:49  Overlord  
  44  4:50  Drone x2  
  46  5:02  Queen  
  46  5:06  Overlord  
  48  5:07  Drone  
  48  5:08  Zergling x8  
  53  5:15  Spore Crawler, Zergling x2  
  53  5:18  Overlord, Zergling x2  
  53  5:19  Zergling x2  
  55  5:25  Spore Crawler  
  55  5:28  Drone x4  
  58  5:30  Drone  
  59  5:35  Lair  
  59  5:37  Drone  
  59  5:39  Drone  
  61  5:45  Drone  
  61  5:46  Drone x2  
  61  5:48  Spore Crawler  
  63  5:50  Drone x2  
  63  5:55  Overlord  
  65  5:57  Drone  
  65  6:01  Drone x3  
  65  6:02  Drone  
  65  6:03  Drone  
  71  6:10  Extractor x2  
  71  6:11  Drone x2  
  71  6:12  Overlord  
  71  6:17  Drone x3  
  74  6:25  Drone  
  74  6:26  Drone  
  74  6:30  Evolution Chamber, Hatchery  
  74  6:31  Drone x6  
  80  6:34  Evolution Chamber  
  80  6:39  Extractor  
  77  6:40  Extractor, Zergling x2  
  77  6:41  Zergling x4  
  77  6:44  Overlord  
  77  6:45  Zergling x8  
  77  6:54  Zergling x10  
  77  6:55  Overseer  
  77  7:01  Drone x3  
  84  7:04  Overlord x2  
  84  7:06  Zerg Missile Weapons Level 1, Zerg Melee Weapons Level 1  
  84  7:07  Drone  
  85  7:08  Hydralisk Den  
  85  7:11  Zergling x4  
  86  7:16  Zergling x4  
  86  7:20  Overlord  
  86  7:21  Zergling x8  
  92  7:23  Overlord  
  92  7:27  Zergling x8  
  92  7:28  Zergling x2  
  97  7:30  Zergling x2  
  97  7:39  Hydralisk x3, Muscular Augments  
  97  7:44  Hydralisk x2  
  103  7:46  Overlord  
  103  7:49  Hydralisk x2  
  111  7:56  Overlord  
  110  8:00  Hydralisk x4  
  117  8:07  Zergling x12  
  117  8:10  Zergling x2  
  115  8:14  Hydralisk x2, Zergling x2  
  117  8:21  Hydralisk x3  
  117  8:22  Zergling x2  
  117  8:23  Zergling x2  
  125  8:27  Zergling x8  
  125  8:28  Zergling x2  
  125  8:34  Hydralisk x2, Zergling x2  
  130  8:41  Zergling x10  
Show
View Real Time Build Order
Export as new Build Order

Harstem Protoss 

Build Orders:  

Get SALT Encoding   

  8  0:00  Probe (Chrono Boost)  
  9  0:12  Probe (Chrono Boost)  
  10  0:17  Probe (Chrono Boost)  
  11  0:26  Probe  
  12  0:33  Pylon  
  12  0:38  Probe  
  13  0:51  Probe  
  13  0:55  Gateway  
  14  1:03  Probe  
  15  1:15  Probe  
  16  1:26  Assimilator  
  16  1:27  Pylon, Probe  
  18  1:42  Cybernetics Core  
  18  1:43  Zealot (Chrono Boost)  
  18  1:46  Pylon  
  19  1:55  Gateway  
  19  2:02  Pylon  
  19  2:05  Zealot (Chrono Boost)  
  19  2:06  Probe  
  21  2:21  Probe  
  22  2:25  Zealot (Chrono Boost)  
  24  2:33  Probe  
  24  2:35  Cybernetics Core  
  25  2:45  Probe, Adept  
  24  2:55  Adept  
  26  3:10  Nexus  
  26  3:12  Probe  
  27  3:19  Assimilator  
  27  3:23  Pylon  
  27  3:26  Probe  
  28  3:38  Probe  
  29  3:42  Stargate  
  29  3:46  Adept  
  31  3:51  Probe (Chrono Boost)  
  32  4:00  Warp Gate, Probe (Chrono Boost)  
  33  4:05  Probe (Chrono Boost)  
  34  4:17  Probe  
  34  4:23  Pylon  
  35  4:29  Probe  
  35  4:31  Oracle (Chrono Boost)  
  34  4:32  Probe  
  36  4:41  Probe  
  36  4:44  Probe  
  38  4:53  Probe  
  38  4:56  Probe  
  38  4:59  Oracle (Chrono Boost)  
  40  5:06  Nexus  
  43  5:07  Probe  
  43  5:10  Probe  
  45  5:18  Twilight Council  
  45  5:19  Probe  
  46  5:22  Probe  
  46  5:24  Pylon  
  47  5:32  Probe  
  47  5:34  Probe  
  49  5:37  Assimilator  
  49  5:44  Probe  
  49  5:46  Pylon, Probe  
  49  5:49  Stalker  
  53  5:52  Blink (Chrono Boost)  
  53  5:53  Stalker  
  53  5:56  Probe  
  56  5:58  Probe  
  57  6:05  Stalker  
  57  6:08  Probe  
  57  6:11  Probe  
  61  6:12  Assimilator  
  61  6:19  Gateway  
  61  6:20  Probe x2  
  61  6:22  Gateway  
  61  6:23  Probe  
  64  6:30  Stalker  
  67  6:33  Probe (Chrono Boost)  
  67  6:34  Probe (Chrono Boost), Stalker  
  67  6:38  Probe (Chrono Boost)  
  71  6:45  Probe (Chrono Boost)  
  71  6:47  Cybernetics Core  
  73  6:49  Probe (Chrono Boost)  
  73  6:50  Probe (Chrono Boost)  
  73  6:51  Probe (Chrono Boost)  
  75  6:56  Probe  
  75  6:58  Gateway  
  75  6:59  Probe  
  75  7:00  Gateway  
  77  7:02  Gateway, Probe  
  78  7:08  Probe  
  78  7:11  Probe  
  78  7:15  Pylon  
  81  7:22  Stalker x3  
  81  7:25  Probe  
  81  7:29  Pylon  
  87  7:36  Stalker, Probe x2  
  91  7:38  Shield Battery, Pylon  
  91  7:42  Pylon  
  91  7:44  Probe  
  91  7:47  Stalker x2  
  91  7:48  Stalker  
  99  7:51  Probe  
  99  7:56  Probe  
  98  8:05  Stalker  
  100  8:12  Stalker x3  
  90  8:20  Probe  
  90  8:22  Pylon  
  90  8:24  Pylon  
  90  8:25  Assimilator  
  93  8:29  Assimilator, Stalker x3  
  93  8:30  Forge, Stalker  
  99  8:34  Stalker  
  99  8:35  Stalker x2  
  93  8:49  Probe  
  93  8:53  Stalker x4  
Tags
 
Add a new tag
Caveats
  • Supply blocks, unpowered buildings, or Contaminate may cause inaccurate times.
  • Supply counts are checked every 10 seconds.